 Dungeon Crawl Stone Soup version 0.19.4-8-ga85b6b9 (webtiles) character file.

95 Naow the Magician (level 4, -6/24 HPs)
             Began as a Deep Elf Fire Elementalist on Feb 8, 2017.
             Killed by divine providence
             ... invoked by an orc priest
              (15 damage)
             ... on level 3 of the Dungeon.
             The game lasted 00:02:50 (2142 turns).

Naow the Magician (Deep Elf Fire Elementalist)      Turns: 2142, Time: 00:02:50

Health: -6/24      AC:  2    Str:  5    XL:     4   Next: 40%
Magic:  6/12       EV: 13    Int: 21    God:
Gold:   94         SH:  0    Dex: 15    Spells: 3 memorised, 5 levels left

rFire  . . .     SeeInvis .     (no weapon)
rCold  . . .     Gourm    .     a - +0 robe
rNeg   . . .     Faith    .     (no shield)
rPois  .         Spirit   .     (no helmet)
rElec  .         Reflect  .     (no cloak)
rCorr  .         Harm     .     (no gloves)
MR     .....                    (no boots)
Stlth  ++........               (no amulet)
                                (no ring)
                                (no ring)

@: no status effects
A: no striking features
a: no special abilities


You were on level 3 of the Dungeon.
You were not hungry.

You visited 1 branch of the dungeon, and saw 3 of its levels.

You collected 94 gold pieces.

Inventory:

Armour
 a - a +0 robe (worn)
 j - a +0 robe of positive energy
Jewellery
 s - an uncursed ring of protection from cold {unknown}
 u - an uncursed ring of wizardry {unknown}
Wands
 g - a wand of slowing (32/48)
Scrolls
 d - 2 scrolls of enchant armour {unknown}
 e - a scroll of magic mapping {unknown}
 f - a scroll of blinking {unknown}
 i - a scroll of fog {unknown}
 m - a scroll of noise {unknown}
 n - 2 scrolls of teleportation {unknown}
 p - a scroll of identify {unknown}
 q - a scroll of enchant weapon {unknown}
Potions
 k - a potion of lignification {unknown}
 o - a potion of magic {unknown}
 r - a potion of cancellation {unknown}
 t - a potion of might {unknown}
Books
 b - a book of Flames

   Spells                             Type                      Level
   a - Flame Tongue                   Conjuration/Fire             1
   b - Throw Flame                    Conjuration/Fire             2
   c - Conjure Flame                  Conjuration/Fire             3
   d - Inner Flame                    Hexes/Fire                   3
   e - Sticky Flame                   Conjuration/Fire             4
   f - Fireball                       Conjuration/Fire             5
Comestibles
 c - 2 bread rations
 h - 6 meat rations
 l - 3 fruits
 v - a royal jelly
 w - 2 chunks of flesh


   Skills:
 - Level 2.4 Dodging
 - Level 2.4 Stealth
 + Level 4.2 Spellcasting
 + Level 3.2 Conjurations
 + Level 4.0 Fire Magic


You had 5 spell levels left.
You knew the following spells:

 Your Spells              Type           Power        Failure   Level  Hunger
a - Flame Tongue          Conj/Fire      ###..        2%          1    None
b - Throw Flame           Conj/Fire      ###...       4%          2    #......
c - Conjure Flame         Conj/Fire      ###.....     10%         3    ###....


Dungeon Overview and Level Annotations

Branches:
Dungeon (3/15)

Altars:
Kikubaaqudgha
Uskayaw


Message History

The orc is almost dead.
Casting: Throw Flame
Confirm with . or Enter, or press ? or * to list all spells.
Aiming: Throw Flame
Press: ? - help, Shift-Dir - straight line, f/p - orc
Aim: an orc, wielding a club and wearing a chain mail (almost dead)
The puff of flame hits the orc.
You kill the orc!
The orc priest moves out of view.
Casting: Throw Flame
Confirm with . or Enter, or press ? or * to list all spells.
You can't see any susceptible monsters within range! (Use Z to cast anyway.)
The orc priest looks encouraged for a moment.
The orc priest mumbles some strange prayers to Beogh against you.
Beogh smites you!
Ouch! That really hurt!
The orc priest invokes the aid of Beogh against you.
Beogh smites you!
Ouch! That really hurt!
You die...

###...##.#
#.....##.#
#.##..##.#
#.##..##.#####
#.##....)....#######
#.##.>.............#
#.####........[....#
#.####.............#
#...@...o..o.......#
#############......#
.####......#
#...........+
#.####.o....#
#........ #.o)...#.
..o.....!.
####.####..


You could see an orc priest and an orc.

Vanquished Creatures
  2 adders (D:2)
  2 oozes
  3 worms
  4 leopard geckos
  An orc (D:3)
  A giant cockroach (D:3)
  7 goblins
  10 hobgoblins
  3 jackals
  A quokka (D:3)
  7 bats
  5 kobolds
  7 rats
53 creatures vanquished.

Notes
Turn   | Place    | Note
-------+----------+-------------------------------------------
     0 | D:1      | Naow the Deep Elf Fire Elementalist began the quest for the Orb.
     0 | D:1      | Reached XP level 1. HP: 10/10 MP: 6/6
   214 | D:1      | Reached XP level 2. HP: 15/15 MP: 6/8
   618 | D:2      | Reached XP level 3. HP: 18/19 MP: 5/10
   665 | D:2      | Found a hide-covered altar of Uskayaw.
   704 | D:2      | Learned a level 2 spell: Throw Flame
   708 | D:2      | Learned a level 3 spell: Conjure Flame
   843 | D:2      | Found an ancient bone altar of Kikubaaqudgha.
  1342 | D:2      | Reached XP level 4. HP: 18/24 MP: 6/12
  2142 | D:3      | Killed from afar by an orc priest

Skill      XL: |  1  2  3  4 |
---------------+-------------+-----
Conjurations   | 2 3 |  3.2
Spellcasting   | 4 |  4.2
Fire Magic     | 4 |  4.0
Dodging        | |  2.4
Stealth        | |  2.4

Action                   |  1- 3 |  4- 6 || total
-------------------------+-------+-------++-------
Melee: Unarmed           |     3 |       ||     3
 Cast: Flame Tongue      |    66 |    17 ||    83
       Throw Flame       |     1 |     6 ||     7
  Eat: Chunk             |     1 |     3 ||     4
Armor: Robe              |     5 |     2 ||     7
Dodge: Dodged            |    25 |     2 ||    27
